 Dungeon Crawl Stone Soup version 0.16-a0-3215-g5dfac0e (console) character file.

515 MrRokkomies the Skirmisher (level 7, -1/63 HPs)
             Began as a Black Draconian Warper on Dec 20, 2014.
             Succumbed to kobold's curare-tipped needle
             ... on level 4 of the Dungeon.
             The game lasted 00:29:16 (3529 turns).

MrRokkomies the Skirmisher (Black Draconian Warper) Turns: 3529, Time: 00:29:16

Health: -1/63      AC:  7    Str: 13    XL:     7   Next: 0%
Magic:  12/12      EV: 12    Int: 14    God:
Gold:   239        SH:  0    Dex: 14    Spells: 3 memorised, 5 levels left

rFire  . . .     SeeInvis .     b - +0 blowgun
rCold  . . .     Clarity  .     (armour unavailable)
rNeg   . . .     SustAb   .     (no shield)
rPois  .         Gourm    .     (helmet restricted)
rElec  +         Spirit   .     j - +0 cloak
rCorr  .         Warding  .     (no gloves)
rMut   .         Stasis   .     (no boots)
MR     .....                    (no amulet)
Stlth  +.........               n - +2 ring of slaying
                                k - +2 ring of dexterity

@: lethally poisoned, slowed, very slow, not resistant to hostile enchantments,
very unstealthy
A: breathe lightning, unfitting armour, electricity resistance, cold-blooded, AC
+6
a: Breathe Lightning


You were on level 4 of the Dungeon.
You were not hungry.

You visited 1 branch of the dungeon, and saw 4 of its levels.

You collected 239 gold pieces.

Inventory:

Hand weapons
 a - a +0 halberd
 b - a +0 blowgun (weapon)
Missiles
 e - 5 tomahawks of dispersal
 i - 23 stones
 l - 3 tomahawks
 q - 6 poisoned needles (quivered)
 r - 2 curare-tipped needles
Armour
 j - a +0 cloak (worn)
Jewellery
 k - a +2 ring of dexterity (left hand)
 n - a +2 ring of slaying (right hand)
Scrolls
 d - 2 scrolls of blinking
 m - a scroll of teleportation
 o - a scroll of amnesia
 p - a scroll of immolation
 s - a scroll of remove curse
Potions
 t - a potion of restore abilities
 v - a potion of brilliance
Books
 c - a book of Spatial Translocations

   Spells                             Type                      Level
   a - Apportation                    Translocation                1
   b - Blink                          Translocation                2
   c - Shroud of Golubria             Charms/Translocation         2
   d - Portal Projectile              Translocation                3
   e - Teleport Other                 Translocation                3
   f - Passage of Golubria            Translocation                4
Comestibles
 f - 5 bread rations
 h - a beef jerky


   Skills:
 * Level 6.0 Fighting
 * Level 5.5 Polearms
 - Level 0.8 Throwing
 - Level 2.1 Dodging
 - Level 2.0 Spellcasting
 - Level 3.0 Translocations


You had 5 spell levels left.
You knew the following spells:

 Your Spells              Type           Power        Failure   Level  Hunger
a - Apportation           Tloc           #.........   10%         1    ##.....
b - Blink                 Tloc           N/A          12%         2    ###....
c - Shroud of Golubria    Chrm/Tloc      #.........   21%         2    ###....


Dungeon Overview and Level Annotations

Branches:
Dungeon (4/15)
 Temple: D:4-7

Altars:


Innate Abilities, Weirdness & Mutations

You can breathe wild blasts of lightning.
Your glossy black scales are hard (AC +6).
Your body does not fit into most forms of armour.
You are resistant to electric shocks.
Your cold-blooded metabolism reacts poorly to cold.


Message History

You feel very sick.
The kobold shoots a curare-tipped needle.
The curare-tipped needle closely misses you.
The kobold shoots a curare-tipped needle.
The curare-tipped needle barely misses you.
The phantom hits you but does no damage.
Drink which item? (? for menu, Esc to quit)
You have got your breath back.
* * * LOW HITPOINT WARNING * * *
You feel very sick. The phantom hits you.
* * * LOW HITPOINT WARNING * * *
The kobold shoots a curare-tipped needle.
The curare-tipped needle misses you.
* * * LOW HITPOINT WARNING * * *
You feel sick.
You kill the kobold!
The phantom barely misses you.
An adder comes into view.
You die...

#.#################)######.##
#####>.....### #.# #...
......##.....# #.# ####
......##.....# #.#
.........###.# #.# .....#...#
... #.# .....#.### #.### #.#
.......# #...######.#
.....### #)###@.....#.#
.....# #.S.†......#.#
.....### #.###W.....#
.##..).# #....((..# ####.###
###.†........... #....†.#
#..............
#...##.###..............
.##...##.....##.######....
......§..........# #.#


You could see a phantom and an adder.

Vanquished Creatures
  The ghost of MrRokkomies the Skirmisher, an average DrWr of Gozag (D:4)
  An orc priest (D:4)
  3 worker ants (D:4)
  4 gnolls (D:3)
  4 adders
  3 giant geckos
  8 orcs
  9 bats
  5 giant cockroaches
  11 goblins
  5 hobgoblins
  14 jackals
  18 kobolds
  An ooze (D:3)
  A quokka (D:3)
  2 ball pythons (D:3)
  6 giant newts
  11 rats
107 creatures vanquished.

Vanquished Creatures (others)
  A rat (D:4)
1 creature vanquished.

Grand Total: 108 creatures vanquished

Notes
Turn   | Place    | Note
--------------------------------------------------------------
     0 | D:1      | MrRokkomies, the Draconian Warper, began the quest for the Orb.
     0 | D:1      | Reached XP level 1. HP: 17/17 MP: 3/3
   217 | D:1      | Reached XP level 2. HP: 5/25 MP: 4/4
   850 | D:1      | Reached XP level 3. HP: 31/31 MP: 6/6
   928 | D:2      | Learned a level 2 spell: Blink
   931 | D:2      | Learned a level 2 spell: Shroud of Golubria
  1736 | D:2      | Reached XP level 4. HP: 35/40 MP: 7/7
  2043 | D:3      | Reached skill level 4 in Fighting
  2736 | D:3      | Reached XP level 5. HP: 46/46 MP: 9/9
  2951 | D:4      | Noticed MrRokkomies' ghost (average DrWr)
  2983 | D:4      | Killed MrRokkomies' ghost
  2983 | D:4      | Reached skill level 5 in Fighting
  2983 | D:4      | Reached skill level 5 in Polearms
  2983 | D:4      | Reached XP level 6. HP: 12/56 MP: 7/10
  3455 | D:4      | Noticed a phantom
  3515 | D:4      | Reached skill level 6 in Fighting
  3515 | D:4      | Your scales start taking on a glossy black colour.
  3515 | D:4      | Gained mutation: You are resistant to electric shocks. [draconian maturity]
  3515 | D:4      | Reached XP level 7. HP: 33/63 MP: 10/12
  3527 | D:4      | HP: 3/63 [poisoned by kobold (curare-tipped needle)]
  3528 | D:4      | HP: 1/63 [poisoned by kobold (curare-tipped needle)]
  3529 | D:4      | Succumbed to kobold's curare-tipped needle

Action                   |  1- 3 |  4- 6 |  7- 9 || total
-------------------------+-------+-------+-------++-------
Melee: Spear             |   232 |    37 |       ||   269
       Halberd           |       |   174 |     5 ||   179
 Fire: Blowgun           |       |       |     1 ||     1
Throw: Stone             |       |     1 |       ||     1
 Cast: Shroud of Golubri |     2 |     9 |       ||    11
 Abil: Breathe Lightning |       |       |     1 ||     1
  Use: Potion            |     1 |     3 |     1 ||     5
       Scroll            |     8 |     3 |       ||    11
 Stab: Invisible         |       |     2 |       ||     2
       Sleeping          |       |     1 |       ||     1
  Eat: Chunk             |     3 |     7 |       ||    10
